 Dungeon Crawl Stone Soup version 0.29.1-15-g9cfb28693d (webtiles) character file.

Game seed: 17180896677330605452

1643 Eitelfritz the Carver (level 8, 0/69 HPs)
             Began as a Minotaur Gladiator on Apr 28, 2023.
             Slain by a shadow imp (2 damage)
             ... on level 6 of the Dungeon.
             The game lasted 00:11:30 (5391 turns).

Eitelfritz the Carver (Minotaur Gladiator)          Turns: 5391, Time: 00:11:30

Health: 0/69       AC: 11    Str: 18    XL:     8   Next: 67%
Magic:  7/7        EV:  9    Int:  4    God:
Gold:   359        SH:  0    Dex: 17    Spells: 7/7 levels left

rFire   . . .      SeeInvis .   o - +3 long sword "Doatisk" {vorpal, rN++ Int-3 Dex+4}
rCold   . . .      Faith    .   (no shield)
rNeg    + + .      Spirit   .   y - +0 chain mail {Will+}
rPois   +          Reflect  .   c - +1 hat
rElec   .          Harm     .   (no cloak)
rCorr   .          Rampage  .   (no gloves)
Will    +....                   (no boots)
Stlth   ..........              (no amulet)
HPRegen 0.21/turn               i - ring of poison resistance
MPRegen 0.10/turn               k - ring of flight

@: flying
A: horns 2, retaliatory headbutt
a: no special abilities


You were on level 6 of the Dungeon.
You visited 1 branch of the dungeon, and saw 6 of its levels.
You also visited: Sewer.

You collected 474 gold pieces.
You spent 115 gold pieces at shops.

Inventory:

Hand Weapons
 a - a +0 long sword
 o - the +3 long sword "Doatisk" (weapon) {vorpal, rN++ Int-3 Dex+4}
   (You found it on level 2 of the Dungeon)

   It inflicts extra damage upon your enemies.
   Int:       It affects your intelligence (-3).
   Dex:       It affects your dexterity (+4).
   rN:        It greatly protects you from negative energy.
 z - the +6 hand axe "Iniedeje" {vorpal, rF+ Will+ Str+3}
   (You took it off a kobold on level 2 of the Dungeon)

   It inflicts extra damage upon your enemies.
   Str:       It affects your strength (+3).
   rF:        It protects you from fire.
   Will:      It increases your willpower.
Missiles
 d - 3 throwing nets (quivered)
 e - a javelin
 s - 24 poisoned darts
 D - 3 silver boomerangs
Armour
 c - a +1 hat (worn)
 y - a +0 chain mail of willpower (worn)
Jewellery
 i - a ring of poison resistance (left hand)
 k - a ring of flight (right hand)
 t - a +6 ring of intelligence
 H - an amulet of faith
 L - a ring of wizardry
Wands
 w - a wand of flame (46)
 A - a wand of digging (3)
 E - a wand of paralysis (7)
Scrolls
 b - 4 scrolls of teleportation
 j - 3 scrolls of immolation
 n - a scroll of amnesia
 u - a scroll of vulnerability
 x - 2 scrolls of torment {unknown}
 I - a scroll of identify
 J - a scroll of blinking {unknown}
Potions
 f - a potion of experience {unknown}
 g - a potion of flight {unknown}
 h - 6 potions of curing
 m - a potion of resistance {unknown}
 p - a potion of berserk rage {unknown}
 q - 3 potions of mutation
 r - 3 potions of might
 v - 2 potions of degeneration {unknown}
 B - a potion of brilliance {unknown}
 C - 2 potions of invisibility
 F - a potion of magic {unknown}
 G - a potion of lignification {unknown}
 K - a potion of cancellation {unknown}


   Skills:
 + Level 5.6 Fighting
 + Level 9.6 Long Blades
 + Level 2.3 Throwing
 + Level 6.7 Armour
 + Level 5.0 Dodging
 + Level 1.0 Stealth


You had 7 spell levels left.
You didn't know any spells.
Your spell library contained the following spells:

 Spells                   Type           Power      Damage    Failure   Level
 Necrotise                Necr           0%         1d4       99%         1
 Slow                     Hex            0%         N/A       99%         1
 Summon Small Mammal      Summ           0%         N/A       99%         1
 Ensorcelled Hibernation  Hex/Ice        0%         N/A       100%        2
 Call Canine Familiar     Summ           0%         N/A       100%        3
 Confusing Touch          Hex            0%         N/A       100%        3
 Spider Form              Tmut/Pois      0%         N/A       100%        3
 Summon Guardian Golem    Hex/Summ       0%         N/A       100%        3
 Vampiric Draining        Necr           0%         2d6       100%        3
 Anguish                  Hex/Necr       0%         N/A       100%        4
 Agony                    Necr           0%         N/A       100%        5


Dungeon Overview and Level Annotations

Branches:
Dungeon (6/15)              Sewer (visited)
 Temple: D:4-7

Altars:
Dithmenos
Gozag
Yredelemnul

Shops:
D:2 [


Innate Abilities, Weirdness & Mutations

You have a pair of horns on your head.
You reflexively headbutt those who attack you in melee.


Message History

You feel better.
The phantom hits you but does no damage.
The wight hits you from afar with a +4 trident.
* * * LOW HITPOINT WARNING * * *
You partially resist.
The shadow imp hits you but does no damage.
The phantom hits you but does no damage.
The wight barely misses you. The shadow imp barely misses you.
You slash the wight!
You destroy the wight!
The phantom hits you.
* * * LOW HITPOINT WARNING * * *
The shadow imp hits you.
* * * LOW HITPOINT WARNING * * *
Your life force feels restored.
You barely miss the phantom.
The phantom is heavily damaged.
The phantom hits you but does no damage.
The shadow imp hits you but does no damage.
You hit the shadow imp.
The shadow imp is heavily wounded.
The phantom hits you.
* * * LOW HITPOINT WARNING * * *
The shadow imp hits you but does no damage.
You barely miss the shadow imp.
The shadow imp is heavily wounded.
You hit the shadow imp. Your headbutt misses the shadow imp.
The shadow imp is severely wounded.
The phantom hits you.
* * * LOW HITPOINT WARNING * * *
The phantom blinks!
You blink.
You slash the phantom! You headbutt the phantom.
You destroy the phantom!
Things that are here:
a +3 flail; a +0 robe You barely miss the shadow imp.
The shadow imp is severely wounded.
The shadow imp summons a swarm of flies.
The shadow imp hits you.
You die...

.........#..# ...## ..
.....#...#.# #.[.#
...##....#./...# #...#
...............# #...#
........##.....## +#...#+
........##..).).###.....####
........##......(.).........
#........##..##)....§♣......
#..........####†@5..........
.#........## #.###.....###.
#.........##### .#...#+
##..#.....#.## ..#...#
.#.....#......# .##...#
........<......### #...#
##########....##.##
#~.~~~~~~~....##..#
##########........#


You could see a shadow imp.

Vanquished Creatures
  Sigmund (D:5)
  A black bear (D:4)
  A phantom (D:6)
  3 kobold brigands (Sewer)
  A necrophage (D:5)
  4 scorpions
  5 wights (D:6)
  2 hounds
  A jelly (D:6)
  An orc priest (D:3)
  Jessica (D:3)
  2 iguanas (D:5)
  Robin (D:3)
  7 gnolls
  10 adders
  2 river rats (Sewer)
  2 white imps (D:6)
  An ufetubus (D:6)
  2 worms
  A dart slug (D:4)
  12 orcs
  3 bats
  10 endoplasms
  3 giant cockroaches
  9 hobgoblins
  8 jackals
  5 quokkas
  7 ball pythons
  A frilled lizard (D:1)
  14 goblins
  25 kobolds
  8 rats
154 creatures vanquished.

Notes
Turn   | Place    | Note
-------+----------+-------------------------------------------
     0 | D:1      | Eitelfritz the Minotaur Gladiator began the quest for the
                  | Orb.
     0 | D:1      | Reached XP level 1. HP: 18/18 MP: 0/0
   303 | D:1      | Reached XP level 2. HP: 19/25 MP: 1/1
   577 | D:1      | Found a faded altar of an unknown god.
  1000 | D:1      | Reached skill level 4 in Long Blades
  1084 | D:2      | Identified the +3 long sword "Doatisk" {vorpal, rN++ Int-3
                  | Dex+4}
  1213 | D:2      | Reached XP level 3. HP: 31/31 MP: 2/2
  1516 | D:2      | Found Uniokku's Armour Emporium.
  1529 | D:2      | Bought a +0 chain mail of willpower for 115 gold pieces
  1534 | D:2      | Found a shadowy altar of Dithmenos.
  1538 | D:2      | Identified the +6 hand axe "Iniedeje" {vorpal, rF+ Will+
                  | Str+3}
  1802 | D:2      | Reached XP level 4. HP: 38/38 MP: 3/3
  1931 | D:3      | Reached skill level 1 in Armour
  1981 | D:3      | Noticed Jessica
  1997 | D:3      | Killed Jessica
  1998 | D:3      | Reached skill level 5 in Long Blades
  2136 | D:3      | HP: 1/38 [orc priest/divine providence (12)]
  2151 | D:3      | Reached XP level 5. HP: 4/45 MP: 4/4
  2827 | D:3      | Noticed Robin
  2839 | D:3      | Killed Robin
  2840 | D:3      | Reached XP level 6. HP: 35/51 MP: 5/5
  3130 | D:4      | Reached skill level 6 in Long Blades
  3789 | D:5      | Entered Level 5 of the Dungeon
  3838 | D:5      | Reached XP level 7. HP: 59/59 MP: 6/6
  3854 | D:5      | Reached skill level 7 in Long Blades
  3976 | D:5      | Noticed Sigmund
  3990 | D:5      | Killed Sigmund
  4188 | D:5      | Reached skill level 8 in Long Blades
  4188 | D:5      | Reached skill level 5 in Armour
  4238 | D:5      | Reached skill level 5 in Fighting
  4604 | D:6      | Found a basalt altar of Yredelemnul.
  4627 | D:6      | Found an opulent altar of Gozag.
  4706 | D:6      | Reached XP level 8. HP: 60/68 MP: 7/7
  4711 | D:6      | Found a glowing drain.
  4720 | Sewer    | Entered a sewer
  5119 | Sewer    | Reached skill level 1 in Stealth
  5358 | D:6      | Reached skill level 9 in Long Blades
  5365 | D:6      | HP: 2/67 [wight/+0 dire flail (11)]
  5366 | D:6      | Reached skill level 5 in Dodging
  5381 | D:6      | HP: 3/67 [wight/+4 trident (5)]
  5386 | D:6      | HP: 3/69 [phantom (2)]
  5391 | D:6      | Slain by a shadow imp

Illustrated notes

Levels and vault maps discovered:
D:1:      mrwooster_arrival_statue_2, layout_basic,
          hellmonk_ecumenical_altar_lost_god, minmay_split_cup_small
D:2:      layout_loops_cross, basic_altar, serial_shops, shop
D:3:      layout_basic, supply_closet_lemuel, grunt_ministairs_10,
          serial_park_tiny_2, uniq_robin, uniq_jessica
D:4:      layout_basic, minmay_bisected
D:5:      layout_cave_pools, uniq_sigmund
D:6:      layout_cave_pools, grunt_gozag_breadcrumbs,
          mainiacjoe_overflow_brackets, gammafunk_ghost_smash,
          portal_sewer_entry_d, grunt_ministairs_6, dk_vineyard_2, st_stairs_9,
          kennysheep_generic_room_10

Skill      XL: |  1  2  3  4  5  6  7  8 |
---------------+-------------------------+-----
Fighting       | 3 4 5 |  5.6
Long Blades    | 4 5 6 8 9 |  9.6
Armour         | 2 3 4 5 6 |  6.7
Dodging        | 4 5 |  5.0
Stealth        | 1 |  1.0
Throwing       | |  2.3

Action                   |  1- 3 |  4- 6 |  7- 9 || total
-------------------------+-------+-------+-------++-------
Melee: Long sword        |    84 |   119 |   133 ||   336
       Headbutt          |    12 |     9 |    19 ||    40
       Punch             |       |     1 |     1 ||     2
  Use: Potion            |       |     2 |     3 ||     5
       Scroll            |       |    14 |     1 ||    15
 Stab: Sleeping          |     1 |       |       ||     1
Armor: Leather armour    |    22 |       |       ||    22
       Chain mail        |     7 |    69 |    77 ||   153
Dodge: Dodged            |    55 |    51 |    69 ||   175
